 Dungeon Crawl Stone Soup version 0.16.1-30-g34a7ffa (webtiles) character file.

24 Yawgmoth the Grave Robber (level 2, 19/19 HPs)
             Began as a Mummy Necromancer on June 14, 2015.
             Quit the game on level 1 of the Dungeon.
             The game lasted 00:07:16 (1325 turns).

Yawgmoth the Grave Robber (Mummy Necromancer)       Turns: 1325, Time: 00:07:16

Health: 19/19      AC:  3    Str: 11    XL:     2   Next: 79%
Magic:  4/4        EV: 12    Int: 14    God:
Gold:   38         SH:  0    Dex: 12    Spells: 2 memorised, 3 levels left

rFire  x . .     SeeInvis .     d - +0 club
rCold  + . .     Clarity  .     a - +0 robe
rNeg   + + +     SustAb   .     (no shield)
rPois  ∞         Gourm    .     (no helmet)
rElec  .         Spirit   .     f - +0 cloak
rCorr  .         Warding  .     (no gloves)
rMut   .         Stasis   .     (no boots)
MR     .....                    (no amulet)
Stlth  ++........               (no ring)
                                (no ring)

@: not resistant to hostile enchantments, unstealthy
A: no food or potions, fire vulnerability, restore body, cold resistance 1,
negative energy resistance 3, poison resistance, torment resistance, unbreathing
a: no special abilities


You were on level 1 of the Dungeon.
You were not hungry.

You visited 1 branch of the dungeon, and saw 1 of its levels.

You collected 38 gold pieces.

Inventory:

Hand weapons
 d - a +0 club (weapon)
Armour
 a - a +0 robe (worn)
 f - a +0 cloak (worn)
Scrolls
 c - a scroll of enchant armour {unknown}
 e - a scroll of amnesia {unknown}
 g - a scroll of remove curse {unknown}
Books
 b - a book of Necromancy

   Spells                             Type                      Level
   a - Pain                           Necromancy                   1
   b - Animate Skeleton               Necromancy                   1
   c - Vampiric Draining              Necromancy                   3
   d - Regeneration                   Charms/Necromancy            3
   e - Animate Dead                   Necromancy                   4
   f - Control Undead                 Necromancy                   4


   Skills:
 + Level 1.6 Dodging
 + Level 1.5 Stealth
 + Level 2.2 Spellcasting
 + Level 4.7 Necromancy


You had 3 spell levels left.
You knew the following spells:

 Your Spells              Type           Power        Failure   Level  Hunger
a - Pain                  Necr           ##..         3%          1    N/A
b - Animate Skeleton      Necr           N/A          3%          1    N/A

Dungeon Overview and Level Annotations

Branches:
Dungeon (1/15)

Altars:


Innate Abilities, Weirdness & Mutations

You do not eat or drink.
Your flesh is vulnerable to fire.
Your flesh is cold resistant.
You are immune to negative energy.
Your system is resistant to poisons.
You are immune to unholy pain and torment.
You can survive without breathing.


Message History

Confirm with . or Enter, or press ? or * to list all spells.
You attempt to give life to the dead...
Before your eyes, flesh is ripped from the corpse!
The dead are walking!
You see here 3 chunks of flesh.
You start resting.
Magic restored.
You swap places.
You see here 3 chunks of flesh.
You swap places.
You swap places.
You see here 3 chunks of flesh.
You swap places.
You swap places.
You see here 3 chunks of flesh.
You swap places.
You swap places.
A rat comes into view.
A rat is nearby!
Are you sure you want to abandon this character and quit the game? (Confirm with "yes".)

#Z# #............#.# ##.##
#.########.########'######..#
#..ZZZZ.Z................##.#
##########r....###.......##..
#..............# #.......###.
#Z######.......# #.....%.# #.
#Z######...>...# #.......# ##
#.#...##.#.....# #.......# #
#.ZZ..+#.#..@..# #.......####
###...+#.#.....# #...........
#......#.#.### #...........
#......#.#.# #........)..
#......#.#.# ########....
#......#.#.# #....
#......#.#.###############.
#......#..Z............# #.
#....Z.###.#######.....# #.


You could see a rat and a friendly hobgoblin skeleton.

Vanquished Creatures
  An ooze (D:1)
  A giant cockroach (D:1)
  4 goblins (D:1)
  3 hobgoblins (D:1)
  2 kobolds (D:1)
  A jackal (D:1)
  A rat (D:1)
13 creatures vanquished.

Vanquished Creatures (collateral kills)
  2 bats (D:1)
  2 goblins (D:1)
  A hobgoblin (D:1)
  A jackal (D:1)
  A giant newt (D:1)
  3 rats (D:1)
10 creatures vanquished.

Vanquished Creatures (others)
  A giant newt skeleton (D:1)
  2 goblin skeletons (D:1)
  A hobgoblin skeleton (D:1)
  A jackal skeleton (D:1)
  A kobold skeleton (D:1)
  A rat skeleton (D:1)
7 creatures vanquished.

Grand Total: 30 creatures vanquished

Notes
Turn   | Place    | Note
--------------------------------------------------------------
     0 | D:1      | Yawgmoth, the Mummy Necromancer, began the quest for the Orb.
     0 | D:1      | Reached XP level 1. HP: 13/13 MP: 3/3
     2 | D:1      | Learned a level 1 spell: Animate Skeleton
   381 | D:1      | Reached XP level 2. HP: 19/19 MP: 1/4
  1325 | D:1      | Quit the game

Action                   || total
-------------------------++-------
Melee: Unarmed           ||     6
       Club              ||     4
 Cast: Pain              ||    24
       Animate Skeleton  ||    12
